 Dungeon Crawl Stone Soup version 0.22-a0-51-g1bb26a1 (console) character file.

13 Duffy the Sneak (level 2, 0/13 HPs)
             Began as a Spriggan Enchanter on Jan 10, 2018.
             Was an Initiate of Ashenzari.
             Slain by a worm (9 damage)
             ... on level 2 of the Dungeon.
             The game lasted 00:01:51 (522 turns).

Duffy the Sneak (Spriggan Enchanter)                 Turns: 522, Time: 00:01:52

Health: 0/13       AC:  2    Str:  4    XL:     2   Next: 24%
Magic:  6/6        EV: 18    Int: 16    God:    Ashenzari [......]
Gold:   13         SH:  0    Dex: 16    Spells: 3/6 levels left

rFire    . . .     SeeInvis +   a - +1 dagger
rCold    . . .     Gourm    .   (shield restricted)
rNeg     . . .     Faith    .   b - +0 robe
rPois    .         Spirit   .   (helmet restricted)
rElec    .         Reflect  .   (no cloak)
rCorr    .         Harm     .   (gloves unavailable)
MR       .....                  (boots unavailable)
Stlth    +++.......             (no amulet)
HPRegen  0.04/turn              (no ring)
MPRegen  0.10/turn              (no ring)

@: very quick
A: very small, unfitting armour, see invisible, herbivore, speed 3, slow
metabolism 2
a: Curse Item, Renounce Religion


You were on level 2 of the Dungeon.
You worshipped Ashenzari.
Ashenzari was noncommittal.
You were not hungry.

You visited 1 branch of the dungeon, and saw 3 of its levels.

You collected 13 gold pieces.

Inventory:

Hand Weapons
 a - a +1 dagger (weapon)
Armour
 b - a +0 robe (worn)
Jewellery
 h - an uncursed amulet of harm
Scrolls
 e - a scroll of immolation {unknown}
 f - a scroll of magic mapping {unknown}
 g - a scroll of enchant weapon {unknown}
Books
 c - a book of Maledictions

   Spells                             Type                      Level
   a - Corona                         Hexes                        1
   b - Ensorcelled Hibernation        Hexes/Ice                    2
   c - Confuse                        Hexes                        3
   d - Tukima's Dance                 Hexes                        3
   e - Dazzling Spray                 Conjuration/Hexes            3
Comestibles
 d - 2 rations


   Skills:
 + Level 2.0 Short Blades
 - Level 3.0 Dodging
 + Level 5.1 Stealth
 - Level 2.6 Spellcasting
 - Level 3.6 Hexes


You had 3 spell levels left.
You knew the following spells:

 Your Spells              Type           Power        Failure   Level  Hunger
a - Ensorcelled Hibernat  Hex/Ice        #.....       14%         2    ##.....
r - Corona                Hex            ##.....      4%          1    #......


Dungeon Overview and Level Annotations

Branches:
Dungeon (3/15)

Altars:
Ashenzari

Annotations:
D:3 Grinder


Innate Abilities, Weirdness & Mutations

You are very small and have problems with some larger weapons.
You are too small for most types of armour.
You have supernaturally acute eyesight. (SInv)
You are a herbivore.
You cover ground extremely quickly.
You need consume almost no food.


Message History

The leopard gecko barely misses you.
Cast which spell? (? or * to list)
Aiming: Ensorcelled Hibernation
Press: ? - help, Shift-Dir - straight line, f - leopard gecko
Aim: a leopard gecko (almost dead, clinging, chance to defeat MR: 56%)
The leopard gecko looks drowsy...
The helpless leopard gecko fails to defend itself.
You impale the leopard gecko!!
You kill the leopard gecko!
Your Short Blades skill increases to level 2!
You start resting.
Magic restored.
Grinder shouts!
h - an uncursed amulet of harm
There are no items here.
There is a stone staircase leading up here.
You start resting.
You climb upwards.
The hobgoblin completely misses you. The worm bites you!
Ouch! That really hurt!
You die...

###### .# #....#.#.#
#.# ..###.##.#.#..
#.# ... #.##.#.##.
#.# #.#
#...s#.##.##.# .s#
#.##.#.# ..#.# ..#
#....#.# #.#.#
..#####..#.###.#.###
.............s.w@..#
.....###.###....g..#
####+# #.# #.##..#.#
#.# #.###.#.# #..
..# #...# #.....#
#...# #.#...# #...#
..#.#.. #...#


You could see a worm, a giant cockroach and a hobgoblin.

Vanquished Creatures
  An ooze (D:3)
  A worm (D:2)
  A leopard gecko (D:3)
  A kobold (D:1)
  A bat (D:1)
  A frilled lizard (D:3)
6 creatures vanquished.

Notes
Turn   | Place    | Note
-------+----------+-------------------------------------------
     0 | D:1      | Duffy the Spriggan Enchanter began the quest for the Orb.
     0 | D:1      | Reached XP level 1. HP: 9/9 MP: 5/5
   338 | D:3      | Noticed Grinder
   342 | D:3      | Noticed an orc priest
   359 | D:3      | Reached skill level 5 in Stealth
   359 | D:3      | Reached XP level 2. HP: 13/13 MP: 6/6
   363 | D:3      | Learned a level 2 spell: Ensorcelled Hibernation
   371 | D:3      | Found a shattered altar of Ashenzari.
   378 | D:3      | Became a worshipper of Ashenzari the Shackled
   522 | D:2      | Slain by a worm

Vault maps used:
D:1:      minmay_arrival_three_doors, minmay_misc_feat_plants,
          minmay_misc_feat_five, minmay_shallow_snake_nest
D:2:      chequers_ecumenical_altar_lobes
D:3:      overflow_temple_1_default, uniq_jessica, uniq_grinder

Skill      XL: |  1  2 |
---------------+-------+-----
Stealth        | 5 |  5.1
Short Blades   | 2 |  2.0
Dodging        | |  3.0
Spellcasting   | |  2.6
Hexes          | |  3.6

Action                   || total
-------------------------++-------
Melee: Dagger            ||    22
 Cast: Ensorcelled Hiber ||     1
 Stab: Sleeping          ||     5
Armor: Robe              ||     1
Dodge: Dodged            ||    18

Table legend:
 A = Spawn XP
 B = Non-spawn XP
 C = Spawn XP percentage of total XP
 D = Spawn monster count
 E = Non-spawn monster count
 F = Spawn count percentage of total count
 G = Total turns spent on level
                    A         B        C        D         E        F      G
               +---------+---------+-------+---------+---------+-------+---------
         Total |       0 |      19 |   0.0 |       0 |       6 |   0.0 |   522
               +---------+---------+-------+---------+---------+-------+---------
           D:1 |       0 |       3 |   0.0 |       0 |       2 |   0.0 |    61
           D:2 |       0 |       5 |   0.0 |       0 |       1 |   0.0 |    44
           D:3 |       0 |      11 |   0.0 |       0 |       3 |   0.0 |   417
               +---------+---------+-------+---------+---------+-------+---------
